 Dungeon Crawl Stone Soup version 0.30-a0-1160-g6e42c06551 (webtiles) character file.

Game seed: 6908269453142978651

11411 Anamonty the Tainter (level 11, 0/72 HPs)
             Began as an Octopode Venom Mage on Apr 26, 2023.
             Was an Elder of Qazlal.
             Slain by a troll (2 damage)
             ... on level 11 of the Dungeon.
             The game lasted 00:17:10 (13071 turns).

Anamonty the Tainter (Octopode Venom Mage)         Turns: 13071, Time: 00:17:11

Health: 0/72       AC:  1    Str: 11    XL:     11   Next: 77%
Magic:  22/22      EV: 16    Int: 18    God:    Qazlal [****..]
Gold:   693        SH:  5    Dex: 13    Spells: 13/25 levels left

rFire   . . .        g - +4 war axe
rCold   . . .        (no shield)
rNeg    . . .        (helmet restricted)
rPois   .            (no amulet)
rElec   .            A - +4 ring of slaying
rCorr   .            j - ring of see invisible
SInv    +            (no ring)
Will    .....        (no ring)
Stlth   ++           (no ring)
HPRegen 0.32/turn    (no ring)
MPRegen 0.18/turn    (no ring)
                     (no ring)

%: repel missiles
@: no status effects
A: almost no armour, amphibious, 8 rings, camouflage 1, gelatinous body 1,
(nimble swimmer 1), tentacles
a: Renounce Religion, Upheaval, Elemental Force


You were on level 11 of the Dungeon.
You worshipped Qazlal.
Qazlal was greatly pleased with you.
You visited 2 branches of the dungeon, and saw 12 of its levels.
You also visited: Bailey.

You collected 693 gold pieces.

Inventory:

Hand Weapons
 g - a +4 war axe (weapon)
Missiles
 i - 3 datura-tipped darts
 C - a throwing net
Jewellery
 j - a ring of see invisible (right tentacle)
 m - a ring of ice
 q - an amulet of faith
 s - a ring of ice
 A - a +4 ring of slaying (left tentacle)
 H - an amulet of magic regeneration
 L - an amulet of regeneration
Wands
 F - a wand of light (3)
 J - a wand of flame (30)
Scrolls
 b - 11 scrolls of identify {unknown}
 c - 2 scrolls of noise {unknown}
 d - 4 scrolls of teleportation {unknown}
 h - 5 scrolls of enchant weapon {unknown}
 k - a scroll of summoning {unknown}
 o - 4 scrolls of enchant armour {unknown}
 u - a scroll of acquirement {unknown}
 x - a scroll of fog {unknown}
 y - 3 scrolls of amnesia {unknown}
 B - a scroll of fear {unknown}
 E - 2 scrolls of poison {unknown}
 G - 2 scrolls of vulnerability {unknown}
 N - a scroll of brand weapon {unknown}
Potions
 a - a potion of magic
 e - 6 potions of heal wounds {unknown}
 f - 3 potions of flight {unknown}
 l - a potion of ambrosia {unknown}
 n - 2 potions of invisibility {unknown}
 p - 2 potions of might {unknown}
 r - 9 potions of curing
 t - 3 potions of degeneration {unknown}
 v - 2 potions of attraction {unknown}
 w - a potion of experience {unknown}
 z - 3 potions of brilliance {unknown}
 D - 2 potions of resistance {unknown}
 I - a potion of mutation {unknown}
 K - a potion of lignification {unknown}
Miscellaneous
 M - a lightning rod (4/4)


   Skills:
 + Level 6.0 Fighting
 + Level 8.1 Dodging
 - Level 2.6 Stealth
 + Level 6.0 Unarmed Combat
 + Level 7.5 Spellcasting
 * Level 8.5 Transmutations
 - Level 9.1 Poison Magic
 + Level 3.3 Invocations
 + Level 3.3 Evocations


You had 13 spell levels left.
You knew the following spells:

 Your Spells              Type           Power      Damage    Failure   Level
a - Sting                 Tmut/Pois      100%       1d8       1%          1
b - Olgreb's Toxic Radia  Pois           39%        N/A       2%          4
c - Mephitic Cloud        Conj/Pois/Air  17%        N/A       9%          3
d - Ice Form              Ice/Tmut       22%        N/A       19%         4

Your spell library contained the following spells:

 Spells                   Type           Power      Damage    Failure   Level
 Poisonous Vapours        Pois/Air       46%        N/A       2%          2
 Apportation              Tloc           12%        N/A       11%         1
 Necrotise                Necr           24%        1d5       11%         1
 Summon Small Mammal      Summ           24%        N/A       11%         1
 Frozen Ramparts          Ice            12%        1d2       30%         3
 Hailstorm                Conj/Ice       6%         3d4       30%         3
 Summon Ice Beast         Ice/Summ       6%         N/A       71%         4
 Simulacrum               Ice/Necr       3%         N/A       100%        6


Dungeon Overview and Level Annotations

Branches:
Dungeon (11/15)            Temple (1/1) D:4            Lair (0/5) D:10
    Orc (0/2) D:10         Bailey (visited)

Altars:
Ashenzari
Dithmenos
Elyvilon
Fedhas
Gozag
Kikubaaqudgha
Makhleb
Nemelex Xobeh
Okawaru
Qazlal
Ru
Sif Muna
Trog
Vehumet
Yredelemnul
Zin
The Shining One

Shops:
D:6 =   D:9 [

Annotations:
D:2 Sigmund
D:5 2 transporters, Sai's ghost, amateur DECj
D:6 3 runed translucent doors, schwarznadel's ghost, novice GrEE
D:9 1 runed translucent door, Longtemps's ghost, novice OpEE
D:11 Lodul


Innate Abilities, Weirdness & Mutations

You cannot wear most types of armour.
You are amphibious.
You can wear up to eight rings at the same time.
Your skin changes colour to match your surroundings (Stealth+).
Your rubbery body absorbs attacks. (AC +1, EV +1)
((You are camouflaged when in or above water. (Stealth+)))
You have tentacles for arms and can constrict up to eight enemies at once.


Message History

The kobold demonologist is heavily wounded.
You constrict the kobold demonologist, but do no damage.
The kobold demonologist hits you with a +0 dagger.
You hit the kobold demonologist. You squeeze the kobold demonologist!
The kobold demonologist is almost dead.
You constrict the kobold demonologist.
The kobold demonologist looks satisfied for a moment.
The kobold demonologist miscasts a cantrip.
You completely miss the kobold demonologist.
The kobold demonologist is almost dead.
You constrict the kobold demonologist, but do no damage.
The kobold demonologist looks satisfied for a moment.
Unknown command.
You hit the kobold demonologist but do no damage.
The kobold demonologist is almost dead.
You constrict the kobold demonologist.
You kill the kobold demonologist!
Qazlal accepts your kill.
Your Fighting skill increases to level 6!
You see here a +0 robe.
There is an open door here.
There is a staircase to the Orcish Mines here.
There is an open door here.
Magic restored.
There is a stone staircase leading down, spattered with blood here.
HP restored.
Done exploring.
You climb downwards.
Level annotation: Lodul The ogre shouts!
The yak bellows!
Lodul says, "I guard Vaults good!
You no get in!"
The troll bites you!! The troll claws you! The troll misses you.
There is a stone staircase leading up, spattered with blood here.
There are monsters nearby!
You hear a roar!
Lodul hits you with a +1 heavy dire flail!!!
Ouch! That really hurt!
* * * LOW HITPOINT WARNING * * *
The troll misses you. The troll claws you.
You die...

.......... .........
.#.#...........
....... .Y?....
.......#.#....##
.........#.°...###.#.
........?......○.....
.......O. #O@....#
.......O#...OT.####
.......<##Y#.☼.H.
......K.O..##......
....D.O.K..###...^...
#..........# #.###.#
#........#... .. #
##.......##.## ...
.......... .#


You could see Lodul, a manticore, 2 yaks, a troll, 3 ogres and a kobold.

Vanquished Creatures
  2 two-headed ogres
  Pikel (D:5)
  An orc knight (Bailey)
  A gargoyle (D:10)
  A komodo dragon (D:10)
  A kobold demonologist (D:10)
  4 trolls
  A shadow (D:8)
  19 yaks
  A steam dragon (D:8)
  Eustachio (D:5)
  Grum (D:8)
  An acid dragon (D:9)
  2 water moccasins
  An ice beast (D:5)
  8 orc warriors
  2 black bears (D:6)
  2 sky beasts (D:7)
  2 ogres
  3 wolves (D:8)
  3 centaurs
  A phantom (D:6)
  A lemure (D:5)
  3 bullfrogs
  5 scorpions
  16 killer bees
  A howler monkey (D:9)
  2 jellies
  3 hounds
  2 orc priests
  3 gnoll boudas
  2 sleepcaps
  2 iguanas
  7 orc wizards
  Robin (D:4)
  20 gnolls
  4 adders
  A shadow imp (D:5)
  5 white imps
  2 ufetubi
  2 worms
  2 dart slugs
  39 orcs
  4 bats
  5 endoplasms
  6 giant cockroaches
  13 goblins
  14 hobgoblins
  7 jackals
  12 kobolds
  7 quokkas
  3 ball pythons
  2 frilled lizards
  8 rats
263 creatures vanquished.

Vanquished Creatures (others)
  40 fungi (D:10)
  40 plants
80 creatures vanquished.

Grand Total: 343 creatures vanquished

Notes
Turn   | Place    | Note
-------+----------+-------------------------------------------
     0 | D:1      | Anamonty the Octopode Venom Mage began the quest for the
                  | Orb.
     0 | D:1      | Reached XP level 1. HP: 11/11 MP: 3/3
   246 | D:1      | Reached skill level 4 in Poison Magic
   246 | D:1      | Reached XP level 2. HP: 17/17 MP: 3/5
   473 | D:1      | Reached XP level 3. HP: 20/21 MP: 6/6
  1091 | D:1      | You fall into a shaft and drop 1 floor!
  1276 | D:2      | Noticed Sigmund
  1383 | D:3      | Reached XP level 4. HP: 27/27 MP: 7/7
  1427 | D:3      | Learned a level 4 spell: Olgreb's Toxic Radiance
  1823 | D:3      | Reached skill level 5 in Poison Magic
  2169 | D:3      | Reached XP level 5. HP: 22/31 MP: 4/9
  2364 | D:4      | Noticed Robin
  2374 | D:4      | Killed Robin
  2603 | D:4      | Reached skill level 6 in Poison Magic
  2612 | D:4      | Reached XP level 6. HP: 36/36 MP: 5/10
  2696 | D:4      | Found a staircase to the Ecumenical Temple.
  2716 | Temple   | Entered the Ecumenical Temple
  2751 | Temple   | Became a worshipper of Qazlal Stormbringer
  3298 | D:5      | Entered Level 5 of the Dungeon
  3298 | D:5      | Noticed Sai's ghost (amateur DECj)
  3298 | D:5      | Found a transporter.
  3298 | D:5      | Found a transporter.
  3442 | D:5      | Identified the +2 falchion "Herghymoo" {venom, *Noise rPois
                  | SInv Stlth+}
  3790 | D:5      | Noticed Pikel
  3812 | D:5      | Killed Pikel
  3813 | D:5      | Reached skill level 8 in Poison Magic
  3813 | D:5      | Reached XP level 7. HP: 20/41 MP: 5/13
  4017 | D:5      | Learned a level 3 spell: Mephitic Cloud
  4183 | D:5      | Noticed Eustachio
  4189 | D:5      | Killed Eustachio
  4190 | D:5      | Reached XP level 8. HP: 46/46 MP: 7/14
  4301 | D:5      | Found a sacrificial altar of Ru.
  4310 | D:5      | Reached skill level 5 in Dodging
  4723 | D:6      | Reached skill level 9 in Poison Magic
  4745 | D:6      | Found a runed translucent gate.
  4745 | D:6      | Identified the +0 plate armour "Bum Ceit" {+Inv Fly rPois}
  4746 | D:6      | Found a runed translucent gate.
  4747 | D:6      | Found a runed translucent gate.
  4748 | D:6      | Noticed schwarznadel's ghost (novice GrEE)
  4785 | D:6      | Found Toser's Jewellery Emporium.
  5042 | D:6      | Reached skill level 1 in Fighting
  5042 | D:6      | Reached skill level 1 in Unarmed Combat
  5042 | D:6      | Reached skill level 5 in Spellcasting
  5070 | D:6      | Reached * piety under Qazlal
  5738 | D:6      | Learned a level 4 spell: Ice Form
  5847 | D:7      | Reached XP level 9. HP: 40/54 MP: 11/16
  6242 | D:7      | Noticed a troll
  6313 | D:7      | Killed a troll
  6880 | D:7      | Reached ** piety under Qazlal
  7730 | D:8      | Noticed a two-headed ogre
  7765 | D:8      | Killed a two-headed ogre
  7766 | D:8      | Reached skill level 5 in Transmutations
  7766 | D:8      | Reached XP level 10. HP: 63/63 MP: 6/19
  8082 | D:8      | Noticed Grum
  8105 | D:8      | Killed Grum
  8723 | D:9      | Found Povvegh's Superior Scales.
  9485 | D:9      | Reached skill level 5 in Fighting
  9485 | D:9      | Reached skill level 5 in Unarmed Combat
  9576 | D:9      | Found a runed translucent door.
  9578 | D:9      | Identified the +5 long sword of Sequestration {heavy,
                  | Int+3}
  9578 | D:9      | Noticed a centaur warrior
  9579 | D:9      | Noticed Longtemps's ghost (novice OpEE)
  9677 | D:9      | Found an ancient bone altar of Kikubaaqudgha.
  9677 | D:9      | Found a glowing golden altar of the Shining One.
 10044 | D:10     | Entered Level 10 of the Dungeon
 10230 | D:10     | Noticed a two-headed ogre
 10231 | D:10     | Found a staircase to the Lair.
 10396 | D:10     | Found a flagged portal.
 10405 | Bailey   | Entered a bailey
 10608 | Bailey   | Noticed an orc knight
 10611 | Bailey   | Reached *** piety under Qazlal
 10616 | Bailey   | Reached skill level 1 in Invocations
 10616 | Bailey   | Reached skill level 1 in Evocations
 10617 | Bailey   | Reached XP level 11. HP: 25/71 MP: 6/21
 10638 | Bailey   | Killed an orc knight
 11034 | D:10     | Killed a two-headed ogre
 11638 | D:11     | Noticed a manticore
 11725 | D:10     | Reached **** piety under Qazlal
 11825 | D:10     | Found a staircase to the Orcish Mines.
 12514 | D:11     | Noticed Lodul
 12803 | D:11     | Noticed a boulder beetle
 13071 | D:11     | HP: 2/72 [Lodul/+1 heavy dire flail (41)]
 13071 | D:11     | Slain by a troll

Illustrated notes

Levels and vault maps discovered:
D:1:      dpeg_arrival_three_same_balls, layout_basic, chequers_avenue
D:2:      layout_loops_ring, uniq_sigmund
D:3:      layout_loops_corners, serial_rivers, chequers_serial_rivers_marsh,
          chequers_serial_rivers_micro_d, chequers_serial_rivers_micro_d,
          chequers_serial_rivers_micro_e
D:4:      layout_basic, minmay_temple_entry_tees, uniq_robin
D:5:      layout_basic, nicolae_ru_sacrificial_ziggurat, gammafunk_ghost_arena,
          uniq_edmund, uniq_eustachio, uniq_pikel
D:6:      corexii_shack_village, layout_basic, biasface_ghost_orc_armoury,
          serial_shops, shop
D:7:      layout_layer_cave
D:8:      layout_basic, uniq_grum
D:9:      layout_basic, gammafunk_temple_overflow_statue,
          ebering_ghost_inner_flame, hellmonk_scale_shop
D:10:     layout_grid_maze, due_lair_maze_entry_diamond, enter_bailey_8
D:11:     layout_cave_pools, enter_trove_0, uniq_lodul
Temple:   compressed_dpeg_triangle_lava_temple

Skill      XL: |  1  2  3  4  5  6  7  8  9 10 11 |
---------------+----------------------------------+-----
Poison Magic   | 4 5 6 8 9 |  9.1
Dodging        | 3 4 5 6 7 8 |  8.1
Spellcasting   | 3 4 5 6 7 |  7.5
Fighting       | 2 3 5 6 |  6.0
Unarmed Combat | 1 3 5 6 |  6.0
Transmutations | 2 5 7 8 |  8.5
Invocations    | 1 3 |  3.3
Evocations     | 1 3 |  3.3
Stealth        | |  2.6

Action                     |  1- 3 |  4- 6 |  7- 9 | 10-12 || total
---------------------------+-------+-------+-------+-------++-------
  Melee: Unarmed           |    59 |       |     3 |    13 ||    75
         Constrict         |    19 |    15 |    14 |    16 ||    64
         Tentacles         |    14 |    12 |    23 |    14 ||    63
         War axe           |    12 |    66 |    74 |    91 ||   243
         Punch             |       |     1 |     1 |     7 ||     9
   Cast: Sting             |    25 |     1 |    17 |     5 ||    48
         Olgreb's Toxic Ra |       |    11 |    29 |    49 ||    89
         Mephitic Cloud    |       |       |     5 |    19 ||    24
         Ice Form          |       |       |     1 |     3 ||     4
  Evoke: Wand              |       |       |       |     5 ||     5
    Use: Potion            |       |       |       |     1 ||     1
   Stab: Sleeping          |     5 |    13 |       |       ||    18
         Distracted        |       |     1 |       |       ||     1
         Confused          |       |       |     1 |     4 ||     5
         Paralysed         |       |       |       |     5 ||     5
 Armour: Skin              |    11 |     2 |     3 |     6 ||    22
  Dodge: Dodged            |    41 |    47 |    69 |   125 ||   282
  Block: Other             |       |       |     3 |    27 ||    30

Table legend: (Time is in decaauts)
 A = Elapsed time spent in this place.
 B = Non-inter-level travel time spent in this place.
 C = Inter-level travel time spent in this place.
 D = Time resting spent in this place.
 E = Time spent auto-exploring this place.
 F = Levels seen in this place.
 G = Mean time per level.
                   A        B        C        D        E       F      G
               +--------+--------+--------+--------+--------+-----+--------+
         Total |  13192 |  12616 |    576 |      0 |  10465 |  13 | 1014.8 |
       Dungeon |  12546 |  11980 |    566 |      0 |  10062 |  11 | 1140.5 |
        Temple |     45 |     35 |     10 |      0 |     11 |   1 |   45.0 |
        Bailey |    600 |    600 |      0 |      0 |    392 |   1 |  600.0 |
               +--------+--------+--------+--------+--------+-----+--------+

Top non-repeatable levels by time:
    D:10: 2314 daAuts
     D:9: 1567 daAuts
     D:5: 1423 daAuts
     D:6: 1422 daAuts
     D:7: 1345 daAuts
     D:8: 1181 daAuts
     D:1: 1091 daAuts
     D:4: 961 daAuts
     D:3: 941 daAuts
  Bailey: 600 daAuts
     D:2: 288 daAuts
  Temple: 45 daAuts
    D:11: 10 daAuts
